 Dungeon Crawl Stone Soup version 0.24-a0-582-g4d4af813a0 (webtiles) character file.

Game seed: 9571988996031973642

10521 DasRunzen the Protected (level 11, -9/99 HPs)
             Began as a Minotaur Fighter on Aug 27, 2019.
             Was the Champion of Okawaru.
             Mangled by a minotaur (27 damage)
             ... in a Gauntlet.
             The game lasted 00:25:28 (7902 turns).

DasRunzen the Protected (Minotaur Fighter)          Turns: 7902, Time: 00:25:28

Health: -9/99      AC: 16    Str: 27    XL:     11   Next: 37%
Magic:  14/14      EV: 12    Int:  6    God:    Okawaru [******]
Gold:   495        SH: 16    Dex: 20    Spells: 10/10 levels left

rFire    . . .     SeeInvis .   E - +12 hand axe of Fate {holy, Str+5 Dex+4}
rCold    . . .     Gourm    .   c - +3 shield
rNeg     + . .     Faith    .   A - +0 plate armour {MR+}
rPois    .         Spirit   .   (helmet restricted)
rElec    .         Reflect  .   (no cloak)
rCorr    .         Harm     .   (no gloves)
MR       +....     NoTele   +   b - +0 pair of boots {Stlth+}
Stlth    ..........             F - amulet of magic regeneration
HPRegen  0.26/turn              x - ring of the Octopus King {rN+ AC+1 EV+1 Str+1 Int+1 Dex+1}
MPRegen  0.39/turn              n - +2 ring of dexterity

@: no status effects
A: retaliatory headbutt, horns 2, mutation resistance 1, sturdy frame 1
a: Heroism, Finesse, Renounce Religion


You were in a Gauntlet.
You worshipped Okawaru.
Okawaru was exalted by your worship.
You were not hungry.

You visited 3 branches of the dungeon, and saw 10 of its levels.
You also visited: Gauntlet.

You collected 495 gold pieces.

Inventory:

Hand Weapons
 k - a +2 spear of flaming
 r - the +10 hunting sling of Risaxa {flame, rF+ Int+5 Stlth+}
   (You found it on level 7 of the Dungeon)

   It causes projectiles fired from it to burn those they strike, causing extra
   injury to most foes and up to half again as much damage against particularly
   susceptible opponents.
   It affects your intelligence (+5).
   It protects you from fire.
   It makes you more stealthy.
 s - the +7 whip of Plog {slash, rPois Str+3}
   (You found it on level 4 of the Dungeon)

   It inflicts extra damage upon your enemies.
   It affects your strength (+3).
   It protects you from poison.
 E - the +12 hand axe of Fate (weapon) {holy, Str+5 Dex+4}
   (Okawaru gifted it to you in a Gauntlet)

   It has been blessed by the Shining One to cause great damage to the undead
   and demons.
   It affects your strength (+5).
   It affects your dexterity (+4).
Missiles
 t - 34 stones (quivered)
 y - 73 sling bullets
Armour
 b - a +0 pair of boots of stealth (worn)
 c - a +3 shield (worn)
 A - a +0 plate armour of magic resistance (worn)
Jewellery
 n - a +2 ring of dexterity (right hand)
 x - a ring of the Octopus King (left hand) {rN+ AC+1 EV+1 Str+1 Int+1 Dex+1}
   (You found it in a Gauntlet)

   [ring of positive energy]

   It affects your AC (+1).
   It affects your evasion (+1).
   It affects your strength (+1).
   It affects your intelligence (+1).
   It affects your dexterity (+1).
   It protects you from negative energy.
 C - an uncursed ring of resist corrosion {unknown}
 F - an amulet of magic regeneration (around neck)
Wands
 o - a wand of clouds (5)
 v - a wand of enslavement (9)
 w - a wand of random effects (19)
 G - a wand of iceblast (7)
Scrolls
 d - 2 scrolls of enchant weapon
 g - a scroll of fog
 h - 9 scrolls of remove curse
 m - 3 scrolls of teleportation
 D - a scroll of summoning {unknown}
Potions
 a - a potion of haste
 e - 6 potions of curing
 j - 2 potions of heal wounds
 l - a potion of invisibility
 p - a potion of resistance
 q - 2 potions of ambrosia
 u - a potion of might
 z - a potion of agility {unknown}
 B - a potion of flight {unknown}
Comestibles
 f - 14 rations


   Skills:
 + Level 9.8 Fighting
 + Level 6.6(8.2) Axes
 + Level 7.6(8.8) Maces & Flails
 + Level 5.1 Slings
 + Level 9.9 Armour
 + Level 5.2 Dodging
 + Level 9.7 Shields
 + Level 5.9 Invocations


You had 10 spell levels left.
You didn't know any spells.
Your spell library contained the following spells:

 Spells                   Type           Power        Failure   Level  Hunger
 Static Discharge         Conj/Air       #.......     100%        3    ####...
 Lightning Bolt           Conj/Air       #.........   100%        5    ######.
 Ignition                 Fire           #.........   100%        8    #######
 Shatter                  Erth           #.........   100%        9    #######
 Tornado                  Air            #.........   100%        9    #######


Dungeon Overview and Level Annotations

Branches:
Dungeon (8/15)             Temple (1/1) D:5            Lair (1/6) D:8
Gauntlet (1/1)

Altars:
Ashenzari
Cheibriados
Dithmenos
Elyvilon
Fedhas
Gozag
Hepliaklqana
Kikubaaqudgha
Makhleb
Nemelex Xobeh
Okawaru
Qazlal
Ru
Sif Muna
Trog
Uskayaw
Vehumet
Xom
Yredelemnul
Zin
The Shining One

Annotations:
Lair:1 3 runed translucent doors, exclusion: oklob plant, Gall2222's ghost, journeyman DrTm Gauntlet 4 transporters


Innate Abilities, Weirdness & Mutations

You reflexively headbutt those who attack you in melee.
You have a pair of horns on your head.
You are somewhat resistant to further mutation.
Your movements are slightly less encumbered by armour. (ER -2)


Message History

The minotaur is heavily wounded.
You block the minotaur's attack. The minotaur gores you.
You hit the minotaur.
The minotaur is heavily wounded.
The minotaur hits you!
* * * LOW HITPOINT WARNING * * *
The minotaur gores you but does no damage.
You hit the minotaur.
The minotaur is heavily wounded.
You block the minotaur's attack.
The minotaur gores you but does no damage.
You barely miss the minotaur.
The minotaur is heavily wounded.
You block the minotaur's attack. The minotaur gores you!
* * * LOW HITPOINT WARNING * * *
You slash the minotaur!
You headbutt the minotaur, but do no damage.
The minotaur is severely wounded.
The minotaur hits you!!
You die...

.#..# !#..#####
!#..#≈8§# ©#..#§..#
!#..#§8.#
[#..#...#############
.#..#.8.##..........#
.#..#...##.########.#
##..#...##.#..((@.#.#
...≈#.©.##.#.####H#.#
...∩#......#.# .#.#
...≈#.©.####.######.#
##..#...# #........#
.#..#...# ##########
.#..#.8.# .#..#...#
.#..#.8.#


You could see a minotaur.

Vanquished Creatures
  A two-headed ogre (D:8)
  A fire crab (Gauntlet)
  A necromancer (Gauntlet)
  An ice devil (Gauntlet)
  A queen bee (D:8)
  4 blink frogs (Lair:1)
  4 hippogriffs (D:7)
  A centaur simulacrum (Gauntlet)
  3 fire bats (Gauntlet)
  A wraith (D:7)
  A wyvern (D:7)
  Grum (D:8)
  A hungry ghost (D:8)
  2 water moccasins
  A porcupine (D:8)
  A sky beast (D:4)
  2 ice beasts
  2 orc warriors (D:8)
  2 phantoms
  6 ogres
  The ghost of Sassenached the Ducker, an amateur GnWn (D:3)
  A necrophage (D:7)
  8 wolves
  3 crocodiles
  3 centaurs
  2 elf zombies (D:7)
  2 big kobolds
  6 bullfrogs
  A spiny frog simulacrum (Gauntlet)
  4 scorpions
  A water moccasin skeleton (D:4)
  A troll zombie (D:7)
  13 killer bees
  A wight (D:7)
  2 howler monkeys
  An electric eel (D:8)
  5 crimson imps
  2 bullfrog zombies (D:5)
  4 jellies
  A bullfrog skeleton (D:7)
  4 human zombies (D:7)
  5 orc priests
  4 hounds
  A centaur skeleton (D:5)
  2 iguanas
  6 worker ants
  An ogre zombie (D:7)
  3 bullfrog simulacra (Gauntlet)
  2 hound zombies (D:6)
  A hound skeleton (D:8)
  A mummy (D:7)
  A howler monkey zombie (D:5)
  7 gnolls
  4 adders
  2 white imps (Gauntlet)
  2 adder zombies
  An ooze (D:1)
  2 adder skeletons
  3 worms
  4 dart slugs
  3 leopard geckos
  23 orcs
  11 giant cockroaches
  7 goblins
  5 hobgoblins
  6 jackals
  19 kobolds
  6 quokkas
  7 bats
  2 frilled lizards (D:1)
  A jackal skeleton (D:7)
  A jackal zombie (D:8)
  A leopard gecko zombie (D:7)
  A quokka skeleton (D:7)
  10 rats
258 creatures vanquished.

Vanquished Creatures (others)
  2 fungi (D:8)
2 creatures vanquished.

Grand Total: 260 creatures vanquished

Notes
Turn   | Place    | Note
-------+----------+-------------------------------------------
     0 | D:1      | DasRunzen the Minotaur Fighter began the quest for the Orb.
     0 | D:1      | Reached XP level 1. HP: 19/19 MP: 0/0
   117 | D:1      | Reached XP level 2. HP: 27/27 MP: 1/1
   546 | D:1      | Reached XP level 3. HP: 33/33 MP: 2/2
   734 | D:2      | Reached XP level 4. HP: 15/41 MP: 3/3
  1619 | D:3      | Found a shimmering blue altar of Sif Muna.
  1719 | D:3      | Reached XP level 5. HP: 44/47 MP: 4/4
  1770 | D:3      | Reached skill level 5 in Armour
  2045 | D:3      | Found an iron altar of Okawaru.
  2049 | D:3      | Became a worshipper of Warmaster Okawaru
  2105 | D:3      | Noticed Sassenached's ghost (amateur GnWn)
  2105 | D:3      | Noticed an ogre
  2106 | D:3      | Found a transporter.
  2106 | D:3      | Noticed an ogre
  2241 | D:3      | Found a transporter.
  2246 | D:3      | Killed an ogre
  2246 | D:3      | Reached skill level 5 in Fighting
  2246 | D:3      | Reached skill level 5 in Shields
  2246 | D:3      | Reached XP level 6. HP: 53/56 MP: 5/5
  2254 | D:3      | Killed Sassenached's ghost
  2311 | D:4      | Reached skill level 5 in Axes
  2311 | D:4      | Reached XP level 7. HP: 50/62 MP: 6/6
  2369 | D:4      | Reached * piety under Okawaru
  2831 | D:4      | Got a twisted whip
  2832 | D:4      | Identified the +7 whip of Plog {slash, rPois Str+3} (You
                  | found it on level 4 of the Dungeon)
  2889 | D:4      | Found a basalt altar of Yredelemnul.
  2889 | D:4      | Found an opulent altar of Gozag.
  2890 | D:4      | Found a bloodstained altar of Trog.
  3065 | D:5      | Entered Level 5 of the Dungeon
  3095 | D:5      | Reached skill level 1 in Maces & Flails
  3155 | D:5      | Reached XP level 8. HP: 52/71 MP: 7/7
  3221 | D:5      | Found a staircase to the Ecumenical Temple.
  3247 | Temple   | Entered the Ecumenical Temple
  3444 | D:5      | Reached ** piety under Okawaru
  3472 | D:5      | Reached skill level 1 in Invocations
  3743 | D:5      | Gained mutation: You are somewhat resistant to further
                  | mutation. [potion of mutation]
  3743 | D:5      | Gained mutation: Your movements are slightly less
                  | encumbered by armour. (ER -2) [potion of mutation]
  4431 | D:7      | Noticed a hippogriff
  4440 | D:7      | Killed a hippogriff
  4440 | D:7      | Reached *** piety under Okawaru
  4440 | D:7      | Reached XP level 9. HP: 64/80 MP: 8/10
  4538 | D:7      | Got an ancient hunting sling
  4539 | D:7      | Identified the +10 hunting sling of Risaxa {flame, rF+
                  | Int+5 Stlth+} (You found it on level 7 of the Dungeon)
  4601 | D:7      | Reached skill level 1 in Dodging
  4660 | D:7      | Reached skill level 5 in Maces & Flails
  4736 | D:7      | Found a transporter.
  4875 | D:7      | Reached **** piety under Okawaru
  4875 | D:7      | Reached skill level 1 in Slings
  4902 | D:7      | Found an ancient bone altar of Kikubaaqudgha.
  5067 | D:7      | Reached XP level 10. HP: 16/90 MP: 9/12
  5370 | D:7      | Found a transporter.
  5650 | D:8      | Noticed Grum
  5964 | D:8      | Killed Grum
  5964 | D:8      | Received a gift from Okawaru
  6000 | D:8      | Reached ***** piety under Okawaru
  6166 | D:8      | Noticed a two-headed ogre
  6429 | D:8      | Killed a two-headed ogre
  6429 | D:8      | Reached skill level 5 in Invocations
  6578 | D:8      | Found a staircase to the Lair.
  6917 | Lair:1   | Entered Level 1 of the Lair of Beasts
  7002 | Lair:1   | Noticed an oklob plant
  7059 | Lair:1   | Reached XP level 11. HP: 71/97 MP: 14/14
  7113 | Lair:1   | Found a runed translucent gate.
  7115 | Lair:1   | Found a runed translucent gate.
  7116 | Lair:1   | Found a runed translucent gate.
  7117 | Lair:1   | Noticed Gall2222's ghost (journeyman DrTm)
  7281 | Lair:1   | Found a gate leading to a gauntlet.
  7290 | Gauntlet | Entered a Gauntlet
  7290 | Gauntlet | Found a transporter.
  7290 | Gauntlet | Found a transporter.
  7290 | Gauntlet | Found a transporter.
  7290 | Gauntlet | Found a transporter.
  7290 | Gauntlet | Noticed a blizzard demon
  7290 | Gauntlet | Noticed a necromancer
  7297 | Gauntlet | Found a transporter.
  7306 | Gauntlet | Noticed a wretched star
  7307 | Gauntlet | Found a transporter.
  7312 | Gauntlet | Found a transporter.
  7317 | Gauntlet | Found the ring of the Octopus King
  7370 | Gauntlet | Killed a necromancer
  7370 | Gauntlet | Received a gift from Okawaru
  7421 | Gauntlet | Found a transporter.
  7427 | Gauntlet | Found a transporter.
  7438 | Gauntlet | Received a gift from Okawaru
  7438 | Gauntlet | Reached ****** piety under Okawaru
  7438 | Gauntlet | Reached skill level 5 in Dodging
  7441 | Gauntlet | Got a bloodstained hand axe {god gift}
  7442 | Gauntlet | Identified the +12 hand axe of Fate {holy, Str+5 Dex+4}
                  | (Okawaru gifted it to you in a Gauntlet)
  7457 | Gauntlet | Found a transporter.
  7460 | Gauntlet | Found a transporter.
  7460 | Gauntlet | Found a transporter.
  7466 | Gauntlet | Noticed a fire crab
  7482 | Gauntlet | HP: 2/99 [fire crab (8)]
  7485 | Gauntlet | Killed a fire crab
  7485 | Gauntlet | Reached skill level 5 in Slings
  7849 | Gauntlet | Got a ring of the Octopus King
  7857 | Gauntlet | Identified a ring of the Octopus King {rN+ AC+1 EV+1 Str+1
                  | Int+1 Dex+1} (You found it in a Gauntlet)
  7890 | Gauntlet | Noticed a minotaur
  7902 | Gauntlet | Mangled by a minotaur

Levels and vault maps discovered:
D:1:      lemuel_arrival_lava_pool, layout_loops_ring
D:2:      layout_loops_corners
D:3:      layout_loops_cross, overflow_temple_1_default, gammafunk_ghost_smash,
          okawaru_trees_2
D:4:      layout_rooms, gammafunk_temple_overflow_claw, first_ration
D:5:      layout_cave_pools, temple_fountains
D:6:      layout_basic
D:7:      gammafunk_the_bubble [the_bubble_gammafunk_crates], layout_cave_pools,
          lemuel_mausoleum_altar_kikubaaqudgha
D:8:      layout_rooms, grunt_lair_entry_orc_guard_hut, david_nohive_1,
          st_stairs_1, grunt_ministairs_12, minmay_crystal_water, minivault_25,
          uniq_grum
Temple:   lightli_temple_of_artemis
Lair:1:   layout_regular_city, gammafunk_ghost_ooze, gauntlet_entry_generic,
          minmay_lair_oklob_bushes, guppyfry_lair_drakes
Gauntlet: gammafunk_gauntlet_shortcut [nicolae_gauntlet_arena_t_cross,
          nicolae_gauntlet_arena_quarters, nicolae_gauntlet_arena_flowing_pool,
          gammafunk_gauntlet_arena_split_diamond,
          gammafunk_gauntlet_arena_crates, nicolae_gauntlet_arena_grate_2,
          gauntlet_exit_spiral]

Skill      XL: |  1  2  3  4  5  6  7  8  9 10 11 |
---------------+----------------------------------+-----
Fighting       | 4 5 6 7 8 9 |  9.8
Armour         | 4 5 6 7 8 9 |  9.9
Shields        | 4 5 6 7 8 9 |  9.7
Axes           | 3 4 5 6 |  6.6
Maces & Flails | 1 4 5 7 |  7.6
Invocations    | 2 4 5 |  5.9
Dodging        | 2 4 5 |  5.2
Slings         | 2 4 5 |  5.1

Action                   |  1- 3 |  4- 6 |  7- 9 | 10-12 || total
-------------------------+-------+-------+-------+-------++-------
Melee: War axe           |    70 |   121 |    35 |       ||   226
       Headbutt          |     5 |    17 |    66 |    28 ||   116
       Whip              |       |       |   300 |   105 ||   405
       Hand axe          |       |       |       |    34 ||    34
 Fire: Hunting sling     |       |       |       |   134 ||   134
Invok: Heroism           |       |       |     1 |       ||     1
  Use: Scroll            |     7 |     2 |     9 |     4 ||    22
       Potion            |       |     1 |     1 |     3 ||     5
  Eat: Chunk             |       |     4 |     9 |     6 ||    19
       Ration            |       |       |       |     1 ||     1
Armor: Scale mail        |    18 |    45 |    97 |    16 ||   176
       Plate armour      |       |       |       |    33 ||    33
Dodge: Dodged            |    17 |    26 |    98 |    80 ||   221
Block: Shield            |    32 |    85 |   243 |   183 ||   543

Table legend:
 A = Non-vault XP
 B = Vault XP
 C = Vault XP percentage of total XP
 D = Non-vault monster count
 E = Vault monster count
 F = Vault count percentage of total count
                 A         B        C        D         E       F
            +---------+---------+-------+---------+---------+-------
      Total |    6347 |    8684 |  57.8 |     191 |      67 |  26.0
            +---------+---------+-------+---------+---------+-------
        D:1 |      41 |       0 |   0.0 |      20 |       0 |   0.0
        D:2 |     120 |       0 |   0.0 |      25 |       0 |   0.0
        D:3 |     145 |     359 |  71.2 |      30 |       3 |   9.1
        D:4 |     377 |       0 |   0.0 |      10 |       0 |   0.0
        D:5 |     962 |       0 |   0.0 |      23 |       0 |   0.0
        D:6 |     752 |       0 |   0.0 |      21 |       0 |   0.0
        D:7 |    1351 |    2353 |  63.5 |      30 |      29 |  49.2
        D:8 |    1032 |    2472 |  70.5 |      23 |      16 |  41.0
     Lair:1 |    1567 |       0 |   0.0 |       9 |       0 |   0.0
   Gauntlet |       0 |    3500 | 100.0 |       0 |      19 | 100.0
            +---------+---------+-------+---------+---------+-------
